 Dungeon Crawl Stone Soup version 0.28-b1-70-g80dc712255 (webtiles) character file.

Game seed: 12607089591746528484

286 adizb the Gusty (level 6, -4/34 HPs)
             Began as a Tengu Air Elementalist on Feb 4, 2022.
             Was a Believer of Zin.
             Killed from afar by an orc wizard (11 damage)
             ... with a puff of flame
             ... on level 3 of the Dungeon.
             The game lasted 00:21:31 (2801 turns).

adizb the Gusty (Tengu Air Elementalist)            Turns: 2801, Time: 00:21:31

Health: -4/34      AC:  3    Str:  8    XL:     6   Next: 30%
Magic:  2/10       EV: 15    Int: 17    God:    Zin [**....]
Gold:   95         SH:  0    Dex: 15    Spells: 2/9 levels left

rFire   . . .      SeeInvis .     - Unarmed
rCold   . . .      Faith    .   (no shield)
rNeg    . . .      Spirit   .   a - +0 robe
rPois   .          Reflect  .   (helmet restricted)
rElec   .          Harm     .   o - +0 cloak
rCorr   .          Rampage  .   (no gloves)
Will    .....                   (boots unavailable)
Stlth   ++........              i - amulet of the acrobat
HPRegen 0.11/turn               (no ring)
MPRegen 0.12/turn               (no ring)

@: flying quickly and evasively, quick
A: beak, talons 3, nimble flight
a: Renounce Religion, Recite, Vitalisation, Donate Gold


You were on level 3 of the Dungeon.
You worshipped Zin.
Zin was pleased with you.
You visited 1 branch of the dungeon, and saw 4 of its levels.

You collected 105 gold pieces.
You donated 10 gold pieces to Zin.

Inventory:

Armour
 a - a +0 robe (worn)
 o - a +0 cloak (worn)
Jewellery
 i - an amulet of the acrobat (around neck)
Scrolls
 b - a scroll of enchant armour {unknown}
 d - a scroll of noise
 e - a scroll of fear
 g - a scroll of magic mapping {unknown}
 h - a scroll of immolation {unknown}
 k - a scroll of teleportation
 l - a scroll of vulnerability
Potions
 c - a potion of brilliance
 f - a potion of attraction
 j - a potion of flight {unknown}
 m - a potion of curing {unknown}
 n - a potion of resistance {unknown}


   Skills:
 + Level 1.4 Fighting
 + Level 1.6 Armour
 * Level 3.5 Dodging
 + Level 2.7 Stealth
 - Level 0.6 Shields
 + Level 1.4 Unarmed Combat
 + Level 2.4 Spellcasting
 * Level 3.5 Conjurations
 * Level 5.1 Air Magic
 + Level 0.7 Invocations


You had 2 spell levels left.
You knew the following spells:

 Your Spells              Type           Power      Damage    Failure   Level
a - Shock                 Conj/Air       64%        1d7       3%          1
b - Static Discharge      Conj/Air       16%        N/A       4%          2
c - Airstrike             Air            9%         N/A       22%         4

Your spell library contained the following spells:

 Spells                   Type           Power      Damage    Failure   Level
 Swiftness                Air            19%        N/A       7%          3


Dungeon Overview and Level Annotations

Branches:
Dungeon (4/15)
 Temple: D:4-7

Altars:
Kikubaaqudgha
Zin


Innate Abilities, Weirdness & Mutations

You have a beak for a mouth.
You have claws for feet.
Your magical nature lets you fly swiftly and evasively.


Message History

Something hits you.
Deactivating autopickup; reactivate with Ctrl-A.
Aiming: Shock (safe; 3% risk of failure)
Press: ? - help, Q - select action, (/) - cycle Shift-Dir - straight line Something hits you.
You hear some strange, mumbled words.
Something tries to affect you, but you resist.
A puff of flame appears from out of thin air!
The puff of flame hits you!
You are confused.
Something tries to affect you, but you resist.
You're too confused to move!
You feel less confused.
Something tries to affect you, but you resist.
A puff of flame appears from out of thin air!
The puff of flame misses you.
You miss something. Your kick misses something.
Something hits you but does no damage.
You closely miss something. Your peck misses something.
Something hits you but does no damage.
You closely miss something. Your kick misses something.
You hear some strange, mumbled words.
A puff of flame appears from out of thin air!
The puff of flame hits you!
* * * LOW HITPOINT WARNING * * *
You barely miss something. Your kick misses something.
Aiming: Shock (safe; 3% risk of failure)
Press: ? - help, Q - select action, (/) - cycle Shift-Dir - straight line The zap hits something.
An orc wizard appears from thin air!
Reactivating autopickup.
The orc wizard barely misses you.
Aiming: Shock (safe; 3% risk of failure)
Press: ? - help, Q - select action, (/) - cycle Shift-Dir - straight line, f - orc wizard
Aim: an orc wizard, wielding a +0 dagger and wearing a +0 robe (heavily wounded, 64% to hit)
The zap hits the orc wizard.
The orc wizard is almost dead.
The orc wizard points at you and mumbles some strange words.
The puff of flame hits you!
You die...

.........# ####.# .........#
#....# .........# #.#..#
.........# #.##.# ##########
#....# [# ############ ####..
.#####....##....#################
.................................
...............o@................
.#####....##....######...........
.# #....##....# #........... .#
#....##....# #........... ##
#....##....# #........... .#
#....##....# #...........
.#####.........(# #...........
........#.......######...........
...^....#..†####.................


You could see an orc wizard.

Vanquished Creatures
  Sigmund (D:3)
  Crazy Yiuf (D:3)
  A gnoll (D:1)
  3 adders
  A dart slug (D:3)
  An orc (D:4)
  6 bats
  5 endoplasms
  11 giant cockroaches (D:2)
  5 goblins
  5 hobgoblins
  A quokka (D:1)
  3 ball pythons
  2 frilled lizards
  7 kobolds (D:1)
  6 rats
  A bush (D:3)
60 creatures vanquished.

Vanquished Creatures (others)
  12 plants (D:1)
12 creatures vanquished.

Grand Total: 72 creatures vanquished

Notes
Turn   | Place    | Note
-------+----------+-------------------------------------------
     0 | D:1      | adizb the Tengu Air Elementalist began the quest for the
                  | Orb.
     0 | D:1      | Reached XP level 1. HP: 10/10 MP: 4/4
   129 | D:1      | Reached XP level 2. HP: 4/16 MP: 0/6
   438 | D:1      | Reached XP level 3. HP: 17/20 MP: 5/7
   536 | D:1      | Learned a level 2 spell: Static Discharge
  1093 | D:2      | Reached XP level 4. HP: 20/24 MP: 1/8
  1158 | D:2      | Reached skill level 1 in Armour
  1167 | D:2      | Learned a level 4 spell: Airstrike
  1218 | D:2      | Found a faded altar of an unknown god.
  1226 | D:2      | Prayed at the altar of an unknown god.
  1226 | D:2      | Became a worshipper of Zin the Law-Giver
  1226 | D:2      | Reached * piety under Zin
  1485 | D:2      | Reached ** piety under Zin
  1488 | D:2      | Found an ancient bone altar of Kikubaaqudgha.
  1875 | D:3      | Noticed Sigmund
  1908 | D:3      | Killed Sigmund
  1909 | D:3      | Reached skill level 1 in Fighting
  1909 | D:3      | Reached skill level 1 in Unarmed Combat
  1909 | D:3      | Reached skill level 5 in Air Magic
  1909 | D:3      | Gained mutation: Your magical nature lets you fly swiftly
                  | and evasively. [Tengu growth]
  1909 | D:3      | Reached XP level 5. HP: 6/29 MP: 2/9
  1909 | D:3      | Reached XP level 6. HP: 7/34 MP: 2/10
  2583 | D:3      | Found a runed translucent door.
  2584 | D:3      | Noticed Crazy Yiuf
  2610 | D:3      | Killed Crazy Yiuf
  2759 | D:4      | Noticed an orc warrior
  2801 | D:3      | Killed from afar by an orc wizard

Illustrated notes

Levels and vault maps discovered:
D:1:      ebering_hopf_link, layout_loops_ring, lexackson_kobold_supper
D:2:      minmay_roachtagon, layout_loops_corners, basic_altar,
          dreamdust_ecumenical_altar_hidden_monk_grotto,
          kennysheep_big_empty_room
D:3:      layout_basic, uniq_crazy_yiuf_cottage, uniq_sigmund
D:4:      layout_loops_cross, minmay_quadrilaterals, uniq_edmund

Skill      XL: |  1  2  3  4 |
---------------+-------------+-----
Conjurations   | 2 3 |  3.5
Armour         | 1 |  1.6
Fighting       | 1 |  1.4
Dodging        | 3 |  3.5
Unarmed Combat | 1 |  1.4
Air Magic      | 5 |  5.1
Stealth        | |  2.7
Shields        | |  0.6
Spellcasting   | |  2.4
Invocations    | |  0.7

Action                   |  1- 3 |  4- 6 || total
-------------------------+-------+-------++-------
Melee: Unarmed           |    42 |   176 ||   218
       Kick              |    12 |    84 ||    96
       Peck              |     3 |    67 ||    70
       Punch             |       |     7 ||     7
 Cast: Shock             |    38 |    31 ||    69
       Static Discharge  |     4 |     1 ||     5
       Airstrike         |       |     1 ||     1
  Use: Scroll            |       |     6 ||     6
 Stab: Sleeping          |     1 |       ||     1
Armor: Robe              |     9 |     7 ||    16
Dodge: Dodged            |    56 |    17 ||    73
